 Dungeon Sprint DCSS version 0.20.1-1-g8b1a95d (webtiles) character file.

1038 potatolord6000 the Summoner (level 8, -5/68 HPs)
             Began as a Demonspawn Summoner on Aug 30, 2017.
             Was a High Priest of Sif Muna.
             Slain by a four-headed hydra (13 damage)
             ... in the Dungeon (Sprint VII: "The Pits").
             The game lasted 00:10:18 (2334 turns).

potatolord6000 the Summoner (Demonspawn Summoner)   Turns: 2334, Time: 00:10:18

Health: -5/68      AC:  5    Str:  9    XL:     8   Next: 4%
Magic:  1/19       EV: 17    Int: 22    God:    Sif Muna [*****.]
Gold:   0          SH:  0    Dex: 16    Spells: 9/21 levels left

rFire    . . .     SeeInvis .   t - +2 scimitar (flame)
rCold    + . .     Gourm    .   (no shield)
rNeg     . . .     Faith    .   a - +0 robe
rPois    .         Spirit   .   q - +0 helmet
rElec    .         Reflect  .   (no cloak)
rCorr    .         Harm     .   (no gloves)
MR       .....     NoTele   +   (no boots)
Stlth    +++.......             (no amulet)
Regen    0.3/turn               j - +3 ring of intelligence
MPRegen  0.2/turn               r - +3 ring of dexterity

@: no status effects
A: yellow scales 1, cold resistance 1, nightstalker 1
a: Divine Energy, Channel Magic, Forget Spell, Renounce Religion


You were in the Dungeon.
You worshipped Sif Muna.
Sif Muna was extremely pleased with you.
You were not hungry.

You visited 1 branch

Inventory:

Hand Weapons
 t - a +2 scimitar of flaming (weapon)
Armour
 a - a +0 robe (worn)
 q - a +0 helmet (worn)
Jewellery
 j - a +3 ring of intelligence (left hand)
 r - a +3 ring of dexterity (right hand)
Scrolls
 i - a scroll of blinking
 l - 3 scrolls of remove curse
 m - 5 scrolls of amnesia
 n - a scroll of summoning
Potions
 d - 6 potions of curing
 e - 5 potions of heal wounds
 f - 2 potions of haste
 g - 2 potions of magic
 h - 4 potions of berserk rage
 k - a potion of invisibility
 s - 2 potions of resistance
Books
 b - a book of Callings

   Spells                             Type                      Level
   a - Summon Small Mammal            Summoning                    1
   b - Call Imp                       Summoning                    2
   c - Call Canine Familiar           Summoning                    3
   d - Summon Guardian Golem          Hexes/Summoning              3
   e - Summon Lightning Spire         Summoning/Air                4
   f - Summon Ice Beast               Ice/Summoning                4
Comestibles
 c - 8 bread rations
 o - 40 fruits
 p - 5 meat rations


   Skills:
 + Level 7.9 Fighting
 + Level 6.9 Long Blades
   Level 1.5 Staves
 + Level 7.4 Dodging
 - Level 1.7 Stealth
 + Level 7.4 Spellcasting
 + Level 8.8 Summonings


You had 9 spell levels left.
You knew the following spells:

 Your Spells              Type           Power        Failure   Level  Hunger
a - Summon Small Mammal   Summ           ####         1%          1    None
b - Call Canine Familiar  Summ           #####...     1%          3    None
c - Summon Ice Beast      Ice/Summ       ####....     12%         4    ###....
d - Summon Lightning Spi  Summ/Air       ####....     12%         4    ###....


Dungeon Overview and Level Annotations

Branches:
Dungeon (1/1)

Altars:
Ashenzari
Cheibriados
Dithmenos
Elyvilon
Fedhas
Gozag
Hepliaklqana
Kikubaaqudgha
Makhleb
Nemelex Xobeh
Okawaru
Qazlal
Ru
Sif Muna
Trog
Uskayaw
Vehumet
Xom
Yredelemnul
Zin
The Shining One
Beogh
Jiyva
Lugonu


Innate Abilities, Weirdness & Mutations

You are partially covered in yellow scales. (AC +2)
Your flesh is cold resistant. (rC+)
You are slightly more attuned to the shadows.


Message History

Your wolf barely misses the guardian mummy.
The five-headed hydra bites you!
The five-headed hydra completely misses you.
The five-headed hydra bites you.
The five-headed hydra bites you but does no damage.
The five-headed hydra bites you. The guardian mummy hits your wolf!
Your wolf dies!
Your wolf's corpse disappears in a puff of smoke!
You hack one of the five-headed hydra's heads off!
The flame cauterises the wound!
You slash the four-headed hydra! You burn the four-headed hydra.
The four-headed hydra is severely wounded.
The centaur wields an uncursed shortbow.
The centaur shoots an arrow.
The arrow barely misses you. The four-headed hydra bites you.
The four-headed hydra bites you!
* * * LOW HITPOINT WARNING * * *
The four-headed hydra bites you!
* * * LOW HITPOINT WARNING * * *
The four-headed hydra bites you!
You die...

###))##.......##..#
..#..##.......##..# +#
..#'###...<...##.÷# #.##
.....##.......##..# #...#
.....##.......##..## #..M..
#######.......##.8.##......
.##..###########§(c.(.D....
..#.############.§M##.c....
.##.#....#..[[##@D## #.....
..#†#....#....##..# #...#
.##.'....'..))##..# #t##
..#'#....#..))##..# +#
.)'.#....#..))##..#
###################


You could see a four-headed hydra, a guardian mummy, a centaur and a friendly
lightning spire.

Vanquished Creatures
  A smoke demon (D)
  3 yaks (D)
  A fire bat (D)
  A floating eye (D)
  3 wights (D)
  A quasit (D)
  A river rat (D)
  2 oozes (D)
  3 giant cockroaches (D)
  A hobgoblin (D)
  3 jackals (D)
  A frilled lizard (D)
  2 kobolds (D)
23 creatures vanquished.

Vanquished Creatures (collateral kills)
  A tarantella (D)
  A yak (D)
  A hound (D)
  A hell rat (D)
  An adder (D)
  An ooze (D)
  An adder zombie (D)
  A giant cockroach (D)
  A jackal (D)
  A kobold (D)
  A giant cockroach simulacrum (D)
11 creatures vanquished.

Grand Total: 34 creatures vanquished

Notes
Turn   | Place    | Note
-------+----------+-------------------------------------------
     0 | D        | potatolord6000 the Demonspawn Summoner began the quest for the Orb.
     0 | D        | Reached XP level 1. HP: 13/13 MP: 3/3
    36 | D        | Reached skill level 1 in Fighting
    42 | D        | Found a bloodstained altar of Trog.
    42 | D        | Found a deep blue altar of Sif Muna.
    42 | D        | Found a viscous altar of Jiyva.
    42 | D        | Found a hazy altar of Hepliaklqana.
    42 | D        | Found an opulent altar of Gozag.
    70 | D        | Found a glowing golden altar of the Shining One.
    70 | D        | Found a glowing silver altar of Zin.
    70 | D        | Found a basalt altar of Yredelemnul.
    70 | D        | Found a shimmering altar of Xom.
    70 | D        | Found a sacrificial altar of Ru.
    70 | D        | Found a stormy altar of Qazlal.
    70 | D        | Found an iron altar of Okawaru.
    70 | D        | Found a sparkling altar of Nemelex Xobeh.
    70 | D        | Found a burning altar of Makhleb.
    70 | D        | Found a blossoming altar of Fedhas.
    70 | D        | Found a white marble altar of Elyvilon.
    70 | D        | Found a shadowy altar of Dithmenos.
    70 | D        | Found a snail-covered altar of Cheibriados.
    73 | D        | Found a corrupted altar of Lugonu.
    73 | D        | Found a radiant altar of Vehumet.
    73 | D        | Found a roughly hewn altar of Beogh.
    74 | D        | Found an ancient bone altar of Kikubaaqudgha.
    74 | D        | Found a hide-covered altar of Uskayaw.
    74 | D        | Found a shattered altar of Ashenzari.
    75 | D        | Became a worshipper of Sif Muna the Loreminder
   105 | D        | Reached skill level 1 in Staves
   105 | D        | Gained mutation: You are slightly more attuned to the shadows. [demonic ancestry]
   105 | D        | Reached XP level 2. HP: 22/22 MP: 1/5
   241 | D        | Reached * piety under Sif Muna
   393 | D        | Reached skill level 1 in Long Blades
   393 | D        | Reached XP level 3. HP: 22/28 MP: 4/7
   402 | D        | Reached ** piety under Sif Muna
   418 | D        | Lost dexterity.
   421 | D        | Reached skill level 5 in Summonings
   421 | D        | Gained mutation: You are partially covered in yellow scales. (AC +2) [demonic ancestry]
   421 | D        | Reached XP level 4. HP: 29/35 MP: 7/9
   436 | D        | Learned a level 3 spell: Call Canine Familiar
   441 | D        | Learned a level 4 spell: Summon Ice Beast
  1311 | D        | Noticed a fire bat
  1329 | D        | Killed a fire bat
  1329 | D        | Reached skill level 6 in Summonings
  1329 | D        | Reached XP level 5. HP: 19/43 MP: 2/12
  1537 | D        | Reached *** piety under Sif Muna
  1537 | D        | Reached skill level 5 in Fighting
  1537 | D        | Reached skill level 5 in Spellcasting
  1541 | D        | Reached skill level 5 in Dodging
  1546 | D        | Reached XP level 6. HP: 34/51 MP: 7/14
  1559 | D        | Learned a level 4 spell: Summon Lightning Spire
  1758 | D        | Noticed a floating eye
  1758 | D        | Noticed a smoke demon
  1758 | D        | Noticed a tarantella
  1768 | D        | Killed a smoke demon
  1768 | D        | Reached skill level 5 in Long Blades
  1768 | D        | Reached skill level 7 in Summonings
  1771 | D        | Paralysed by a floating eye for 3 turns
  1776 | D        | Killed a floating eye
  1776 | D        | Reached **** piety under Sif Muna
  1795 | D        | Killed a tarantella
  1795 | D        | Gained mutation: Your flesh is cold resistant. (rC+) [demonic ancestry]
  1795 | D        | Reached XP level 7. HP: 59/59 MP: 1/16
  2043 | D        | Noticed a yak
  2052 | D        | Killed a yak
  2052 | D        | Reached skill level 8 in Summonings
  2055 | D        | Noticed a yak
  2057 | D        | Noticed a yak
  2061 | D        | Noticed a yak
  2077 | D        | Killed a yak
  2084 | D        | Killed a yak
  2087 | D        | Killed a yak
  2087 | D        | Reached ***** piety under Sif Muna
  2087 | D        | Reached XP level 8. HP: 52/68 MP: 3/19
  2314 | D        | Noticed an eight-headed hydra
  2314 | D        | Noticed a fire crab
  2317 | D        | Noticed a guardian mummy
  2334 | D        | Slain by a four-headed hydra

Skill      XL: |  1  2  3  4  5  6  7 |
---------------+----------------------+-----
Fighting       | 1 2 3 4 5 6 7 |  7.9
Dodging        | 2 3 4 5 6 7 |  7.4
Staves         | 1 |  1.5
Spellcasting   | 3 4 5 6 7 |  7.4
Long Blades    | 1 2 3 4 5 6 |  6.9
Summonings     | 5 6 7 8 |  8.8
Stealth        | |  1.7

Action                   |  1- 3 |  4- 6 |  7- 9 || total
-------------------------+-------+-------+-------++-------
Melee: Unarmed           |    19 |       |       ||    19
       Quarterstaff      |     7 |       |       ||     7
       Long sword        |    28 |    22 |       ||    50
       Scimitar          |       |       |    14 ||    14
 Cast: Summon Small Mamm |    17 |     9 |       ||    26
       Call Canine Famil |       |     5 |     9 ||    14
       Summon Ice Beast  |       |     4 |     7 ||    11
       Summon Lightning  |       |     3 |     3 ||     6
  Use: Potion            |     3 |     3 |     4 ||    10
 Stab: Sleeping          |     4 |     1 |       ||     5
       Distracted        |       |     2 |       ||     2
       Invisible         |       |       |     3 ||     3
  Eat: Meat ration       |       |     2 |       ||     2
Armor: Robe              |    36 |     1 |     2 ||    39
Dodge: Dodged            |    60 |     5 |    19 ||    84
       Rpst.: Long sword |     6 |     2 |       ||     8
       Scimitar          |       |       |     2 ||     2
